AoeStats
← Herby

MegaRandom

508152896Analyzed
4v4 RM · 11d ago on Sep 21, 2026· 27m 36s· 8 players
Game mode
Random Map
Map size
Large (8 player)
Population
200
Speed
Normal
Resources
Standard
Victory
Conquest
Starting age
Dark Age
Ending age
Imperial Age
RankedLock teamsTeams togetherTeam positionsShared explorationLock speedFull tech treeHidden civsTurbo modeCheats
Victory
Defeat
🇺🇸 Georgians · United States
1452
+15
🇬🇧 Italians · United Kingdom
1443
+15
🇺🇸 Huns · United States
1428
+16
🇸🇬 Spanish · Singapore
1416
+16
🇺🇸 Vietnamese · United States
1434
-17
🇲🇽 Tatars · Mexico
1433
-16
🇲🇽 Tupi · Mexico
1419
-15
🇦🇷 Britons · Argentina
1399
-14
[Pb] Komodo 3000
8:25 Loom
10:37 Feudal Age
14:23 Castle Age
18:37 Fletching
18:58 Horse Collar
19:07 Double-Bit Axe
20:23 Padded Archer Armor
21:48 Bodkin Arrow
26:40 Ballistics
Elavid
7:54 Loom
10:21 Feudal Age
11:17 Double-Bit Axe
14:39 Fletching
19:30 Padded Archer Armor
20:59 Wheelbarrow
24:38 Castle Age
23:08 Gold Mining
25:17 Bodkin Arrow
24:43 Crossbowman
26:28 Leather Archer Armor
27:36 Ballistics
27:50 Hand Cart
27:21 Town Watch
28:14 Thumb Ring
Herby
2:41 Loom
11:17 Feudal Age
16:49 Castle Age
16:10 Fletching
ZoonFAunlimónki
10:02 Feudal Age
8:18 Loom
10:35 Double-Bit Axe
10:50 Fishing Lines
14:53 Scale Barding Armor
14:59 Forging
22:04 Castle Age
22:06 Light Cavalry
22:46 Husbandry
23:09 Chain Barding Armor
23:25 Iron Casting
23:02 Bow Saw
23:43 Town Watch
25:37 Fishing Lines
[TSU] IAmTheWalrus
6:31 Loom
6:43 Loom
9:25 Feudal Age
10:08 Double-Bit Axe
12:39 Fletching
24:28 Castle Age
23:16 Padded Archer Armor
23:51 Horse Collar
25:25 Bow Saw
24:38 Crossbowman
25:19 Bodkin Arrow
26:17 Leather Archer Armor
26:52 Fishing Lines
[TSU] CJ the Strategos
6:31 Loom
10:19 Feudal Age
12:06 Double-Bit Axe
15:04 Scale Barding Armor
15:36 Wheelbarrow
20:14 Castle Age
18:37 Horse Collar
19:54 Bloodlines
22:32 Fishing Lines
24:15 Husbandry
24:35 Forging
25:58 Chain Barding Armor
[TSU] MrFluffyBunny
6:32 Loom
9:00 Feudal Age
12:28 Fletching
16:21 Horse Collar
18:12 Double-Bit Axe
25:21 Castle Age
24:10 Padded Archer Armor
26:16 Bodkin Arrow
28:11 Wheelbarrow
[TSU] I-Am-The-Meower
6:24 Loom
9:19 Feudal Age
9:56 Double-Bit Axe
10:48 Horse Collar
17:12 Bloodlines
18:30 Forging
19:39 Wheelbarrow
19:41 Scale Barding Armor
22:46 Castle Age
21:24 Gold Mining
22:49 Light Cavalry
23:50 Chain Barding Armor
25:02 Iron Casting
24:49 Husbandry
25:19 Fishing Lines
27:13 Stone Mining
27:54 Bow Saw
Connection lost

Rejoining the realm…

Still unreachable

The connection could not be restored.

Session expired

The server has moved on; the page needs a fresh start.